 Dungeon Crawl Stone Soup version 0.25-a0-707-g603da07 (webtiles) character file.

Game seed: 7816595598531475106, levelgen mode: deterministic

975 Anno the Slasher (level 8, 0/42 HPs)
             Began as a Vine Stalker Chaos Knight on Apr 5, 2020.
             Was a Plaything of Xom.
             Succumbed to a queen bee's poison
             ... on level 5 of the Dungeon.
             The game lasted 00:20:23 (3600 turns).

Anno the Slasher (Vine Stalker Chaos Knight)        Turns: 3600, Time: 00:20:24

Health: 0/42       AC:  6    Str: 18    XL:     8   Next: 16%
Magic:  5/9        EV: 11    Int: 12    God:    Xom [..*...]
Gold:   185        SH:  0    Dex: 13    Spells: 7/7 levels left

rFire    + . .     SeeInvis .   a - +0 falchion (chaos)
rCold    x . .     Gourm    .   (no shield)
rNeg     . . .     Faith    .   b - +2 leather armour
rPois    .         Spirit   +   (no helmet)
rElec    .         Reflect  .   (no cloak)
rCorr    .         Harm     .   z - +0 pair of gloves
MR       +....                  (no boots)
Stlth    ++........             (no amulet)
HPRegen  0.54/turn              t - ring of fire
MPRegen  0.11/turn              (no ring)

@: lethally poisoned (0 -> -22)
A: fangs 3, regeneration 1, magic shield, antimagic bite, no potion heal 3, rot
immunity
a: Renounce Religion


You were on level 5 of the Dungeon.
You worshipped Xom.
You were a toy of Xom.
You were not hungry.

You visited 1 branch of the dungeon, and saw 5 of its levels.

You collected 185 gold pieces.

Inventory:

Hand Weapons
 a - a +0 falchion of chaos (weapon)
Missiles
 d - 6 atropa-tipped darts
 f - 6 datura-tipped darts
 h - 21 poisoned darts
 n - 11 arrows
 s - 4 boomerangs (quivered)
Armour
 b - a +2 leather armour (worn)
 e - a +10 plate armour of ponderousness
 z - a +0 pair of gloves (worn)
Jewellery
 t - a ring of fire (left hand)
 u - an uncursed amulet of faith
Scrolls
 j - 3 scrolls of remove curse
 k - 6 scrolls of identify
 l - 2 scrolls of immolation {unknown}
 m - 2 scrolls of fear {unknown}
 o - a scroll of teleportation
 p - a scroll of enchant weapon {unknown}
 w - a scroll of magic mapping {unknown}
 y - a scroll of fog {unknown}
 A - a scroll of noise {unknown}
Potions
 g - 2 potions of mutation
 i - a potion of berserk rage {unknown}
 q - 4 potions of heal wounds {unknown}
 r - 2 potions of curing {unknown}
 v - a potion of might {unknown}
 x - a potion of flight {unknown}
Comestibles
 c - 5 rations
 B - a chunk of flesh


   Skills:
 * Level 4.9 Fighting
 * Level 6.4 Long Blades
 * Level 2.7 Throwing
 - Level 1.5 Armour
 - Level 0.7 Dodging
 * Level 4.3 Stealth


You had 7 spell levels left.
You didn't know any spells.
Your spell library was empty.

Dungeon Overview and Level Annotations

Branches:
Dungeon (5/15)             Temple (0/1) D:4

Altars:
Ashenzari
Cheibriados
Dithmenos
Elyvilon
Gozag
Hepliaklqana
Nemelex Xobeh
Okawaru
Ru
Sif Muna
Zin

Annotations:
D:3 4 exclusions, Jessica


Innate Abilities, Weirdness & Mutations

You have razor-sharp teeth.
Your natural rate of healing is unusually fast.
When hurt, damage is shared between your health and your magic reserves.
Your bite disrupts and absorbs the magic of your enemies.
Potions cannot restore your health.
You are immune to rotting.


Message History

The queen bee stings you!
* * * LOW HITPOINT WARNING * * *
Okay, then.
Okay, then.
Unknown command.
You aren't carrying any items that you can evoke.
Unknown command.
As you read the scroll of teleportation, it crumbles to dust.
You feel strangely unstable.
* * * LOW HITPOINT WARNING * * *
You feel very sick. The queen bee completely misses you.
Okay, then.
A centaur comes into view.
* * * LOW HITPOINT WARNING * * *
You feel very sick.
A giant cockroach zombie comes into view.
Your surroundings suddenly seem different.
You die...
Xom thinks this is hilarious!

#.#......... ∆ ##
#.#.######..# ∆ .# #.#.#
# ..# #.#.# ..## #.#.#
.. #'##. #.#.# #### ..#
#..##. #. .. #...) #'# ∆
##....#. #.....####..#
###'...c#.
.......@#....##..##.Z##.
......#.#....'..y.####..
..... ..##..##))..#....#
.... .#..## ##..##.####
... ####. ....##'#..# .?
.# #......## . .#
######## ..


There were no monsters in sight!

Vanquished Creatures
  A hippogriff (D:4)
  Grinder (D:5)
  An ogre (D:4)
  A boggart (D:3)
  A water moccasin zombie (D:5)
  2 scorpions (D:4)
  An orc priest (D:4)
  A worker ant (D:4)
  A hound skeleton (D:4)
  3 howler monkey skeletons
  7 adders
  3 oozes
  2 worms (D:3)
  3 dart slugs
  2 leopard geckos
  14 orcs
  4 giant cockroaches
  7 goblins
  9 hobgoblins
  3 jackals (D:2)
  4 kobolds
  2 quokkas (D:4)
  2 ball pythons (D:1)
  10 bats
  2 frilled lizards
  A quokka skeleton (D:3)
  6 rats
94 creatures vanquished.

Vanquished Creatures (collateral kills)
  A worker ant (D:5)
  A dart slug (D:5)
2 creatures vanquished.

Grand Total: 96 creatures vanquished

Notes
Turn   | Place    | Note
-------+----------+-------------------------------------------
     0 | D:1      | Anno the Vine Stalker Chaos Knight began the quest for the
                  | Orb.
     0 | D:1      | Reached XP level 1. HP: 11/11 MP: 2/2
    52 | D:1      | XOM: potion effect (stabbing)
    54 | D:1      | Reached XP level 2. HP: 9/16 MP: 3/3
    58 | D:1      | Reached skill level 3 in Long Blades
   571 | D:1      | XOM: divination: detect items
   578 | D:1      | Reached XP level 3. HP: 20/20 MP: 4/4
   593 | D:1      | XOM: cloud trail
   955 | D:1      | XOM: divination: magic mapping
  1322 | D:2      | You fall into a shaft and drop 2 floors!
  1325 | D:4      | Gained mutation: Your natural rate of healing is unusually
                  | fast. [Vine Stalker growth]
  1325 | D:4      | Reached XP level 4. HP: 24/24 MP: 5/5
  1349 | D:4      | XOM: divination: detect creatures
  1351 | D:4      | Reached skill level 4 in Long Blades
  1351 | D:4      | Reached skill level 1 in Stealth
  1359 | D:3      | XOM: noise
  1413 | D:3      | Found a sacrificial altar of Ru.
  1418 | D:3      | Found a shadowy altar of Dithmenos.
  1419 | D:3      | Found a white marble altar of Elyvilon.
  1419 | D:3      | Found an opulent altar of Gozag.
  1419 | D:3      | Found a shimmering blue altar of Sif Muna.
  1420 | D:3      | Found a snail-covered altar of Cheibriados.
  1421 | D:3      | XOM: silly message
  1446 | D:3      | Reached XP level 5. HP: 29/29 MP: 6/6
  1506 | D:3      | Noticed Jessica
  1517 | D:3      | XOM: silly message
  1587 | D:3      | XOM: divination: detect items
  1816 | D:3      | Found a glowing silver altar of Zin.
  1916 | D:3      | Reached skill level 1 in Throwing
  2196 | D:3      | Noticed a boggart
  2196 | D:3      | an ooze changed into a boggart
  2198 | D:3      | Killed a boggart
  2198 | D:3      | Reached XP level 6. HP: 29/33 MP: 7/7
  2198 | D:3      | XOM: harmless Chrm miscast
  2212 | D:3      | Found an iron altar of Okawaru.
  2415 | D:2      | Found a shattered altar of Ashenzari.
  2556 | D:2      | Found a sparkling altar of Nemelex Xobeh.
  2832 | D:4      | XOM: potion effect (might)
  2841 | D:4      | Reached skill level 5 in Long Blades
  2868 | D:4      | Found a staircase to the Ecumenical Temple.
  3106 | D:4      | Found a hazy altar of Hepliaklqana.
  3221 | D:4      | Reached XP level 7. HP: 21/38 MP: 4/8
  3276 | D:4      | Noticed a hippogriff
  3287 | D:4      | Killed a hippogriff
  3327 | D:4      | XOM: harmless Hex miscast
  3344 | D:5      | Entered Level 5 of the Dungeon
  3417 | D:5      | Noticed Grinder
  3424 | D:5      | XOM: noise
  3425 | D:5      | XOM: cast spell 'Call Canine Familiar'
  3428 | D:5      | XOM: divination: detect items
  3431 | D:5      | Killed Grinder
  3431 | D:5      | Reached skill level 6 in Long Blades
  3431 | D:5      | Gained mutation: You have razor-sharp teeth. [Vine Stalker
                  | growth]
  3431 | D:5      | Reached XP level 8. HP: 14/42 MP: 3/9
  3592 | D:5      | Noticed a shapeshifter
  3592 | D:5      | an orc priest changed into a shapeshifter
  3592 | D:5      | XOM: mild Tloc miscast
  3592 | D:5      | Noticed a queen bee
  3592 | D:5      | a shapeshifter changed into a queen bee
  3599 | D:5      | HP: 2/42 [poisoned by a queen bee]
  3600 | D:5      | Succumbed to a queen bee's poison

Levels and vault maps discovered:
D:1:      lightli_arrival_noodles, layout_basic, serial_forest,
          infiniplex_forest_clump_tiny, infiniplex_forest_straight_1,
          infiniplex_forest_split, infiniplex_forest_corner_2,
          infiniplex_forest_clump_long, infiniplex_forest_zigzag_2,
          infiniplex_forest_clump_cross, chequers_decorated_corner
D:2:      layout_basic, ashenzari_altar_1, nemelex_dance_club_becter
D:3:      layout_basic, marbit_many_paths, nicolae_overflow_crystal_walls,
          grunt_temple_overflow_open, chequers_serial_rivers_small_3, tgw_sif
D:4:      layout_gridville, lemuel_coloured_pillars_altar,
          minmay_temple_entry_butterflies, first_ration, serial_bayou_pond_c
D:5:      minmay_bubble_buster, layout_basic, overflow_temple_1_default,
          uniq_edmund, uniq_grinder

Skill      XL: |  1  2  3  4  5  6  7 |
---------------+----------------------+-----
Fighting       | 3 4 |  4.9
Long Blades    | 3 4 5 6 |  6.4
Stealth        | 1 2 4 |  4.3
Throwing       | 1 2 |  2.7
Armour         | |  1.5
Dodging        | |  0.7

Action                   |  1- 3 |  4- 6 |  7- 9 || total
-------------------------+-------+-------+-------++-------
Melee: Falchion          |   113 |   134 |    35 ||   282
       Bite              |    30 |    34 |    16 ||    80
Throw: Dart              |     4 |     8 |     8 ||    20
       Boomerang         |       |     8 |     2 ||    10
  Use: Scroll            |     1 |       |     3 ||     4
 Stab: Distracted        |       |     1 |       ||     1
       Sleeping          |       |     2 |       ||     2
       Paralysed         |       |     1 |       ||     1
       Invisible         |       |       |     1 ||     1
       Petrifying        |       |       |     1 ||     1
       Petrified         |       |       |     1 ||     1
  Eat: Chunk             |     1 |     7 |     1 ||     9
Armor: Leather armour    |    49 |    42 |    10 ||   101
Dodge: Dodged            |    75 |    63 |    17 ||   155
       Rpst.: Falchion   |    20 |    14 |     4 ||    38

Table legend:
 A = Non-vault XP
 B = Vault XP
 C = Vault XP percentage of total XP
 D = Non-vault monster count
 E = Vault monster count
 F = Vault count percentage of total count
                 A         B        C        D         E       F
            +---------+---------+-------+---------+---------+-------
      Total |    1111 |     283 |  20.3 |      92 |       4 |   4.2
            +---------+---------+-------+---------+---------+-------
        D:1 |      42 |       0 |   0.0 |      26 |       0 |   0.0
        D:2 |      58 |      10 |  14.7 |      15 |       2 |  11.8
        D:3 |     201 |      13 |   6.1 |      25 |       1 |   3.8
        D:4 |     671 |       0 |   0.0 |      19 |       0 |   0.0
        D:5 |     139 |     260 |  65.2 |       7 |       1 |  12.5
            +---------+---------+-------+---------+---------+-------
